 Dungeon Crawl Stone Soup version 0.14-a0-2881-g20de702 (webtiles) character file.

53120 SomethingShithole the Blocker (level 14, -8/122 HPs)
             Began as a Minotaur Fighter on Feb 27, 2014.
             Was the Champion of Makhleb.
             Shot with a bolt by an orc warlord (19 damage)
             ... in a bailey on Feb 28, 2014.
             The game lasted 02:16:41 (25004 turns).

SomethingShithole the Blocker (Minotaur Fighter)   Turns: 25004, Time: 02:16:41

HP  -8/122       AC 21     Str 29      XL: 14   Next: 25%
MP  11/11        EV  8     Int  7      God: Makhleb [******]
Gold 1241        SH 29     Dex 10      Spells:  0 memorised, 13 levels left

rFire  + . .     SeeInvis +     s - +1,+11 whip of the Elven Halls {flame, Int-1 SInv}
rCold  . . .     Clarity  .     I - +2 plate armour
rNeg   . . .     Conserve .     c - +0 shield
rPois  .         rCorr    .     (helmet restricted)
rElec  .         rRot     .     m - +2 elf cloak
SustAb . .       Spirit   .     (no gloves)
rMut   .         Warding  .     (no boots)
Saprov . . .     Stasis   +     W - amulet of the Tarantula {Stasis Str+3 Int+3}
MR     +....                    f - ring of see invisible
                                o - ring of protection from fire

@: somewhat resistant to hostile enchantments, extremely unstealthy
A: retaliatory headbutt, horns 2
a: Minor Destruction, Lesser Servant of Makhleb, Major Destruction, Greater
Servant of Makhleb, Renounce Religion


You were in a bailey.
You worshipped Makhleb.
Makhleb was exalted by your worship.
You were hungry.

You visited 3 branches of the dungeon, and saw 20 of its levels.
You also visited: Bailey and Volcano.

You collected 1367 gold pieces.
You spent 126 gold pieces at shops.

Inventory:

Hand weapons
 n - a +2,+2 whip of flaming
 s - the +1,+11 whip of the Elven Halls (weapon) {flame, Int-1 SInv}
   (You found it on level 5 of the Dungeon)

   It emits flame when wielded, causing extra injury to most foes and up to
   double damage against particularly susceptible opponents.
   It affects your intelligence (-1).
   It enhances your eyesight.
Missiles
 G - 8 tomahawks of returning (quivered)
Armour
 c - a +0 shield (worn)
 m - a +2 elven cloak (worn)
 I - a +2 plate armour (worn)
 K - a +0 cloak
Magical devices
 g - a wand of confusion (5) {unknown}
 q - a wand of magic darts (12)
 z - a wand of confusion (11) {unknown}
 N - a wand of polymorph (7) {unknown}
 P - a wand of teleportation (6) {unknown}
 Q - a wand of flame (17) {unknown}
 T - a wand of fire (9) {unknown}
 V - a wand of digging (19) {unknown}
Comestibles
 d - 8 bread rations
 t - a honeycomb
 x - 5 meat rations
 B - 2 chunks of gnoll flesh
Scrolls
 a - a scroll of holy word {unknown}
 e - a scroll of blinking
 l - a scroll of magic mapping
 u - a scroll of remove curse
 w - a scroll of curse jewellery {unknown}
 A - 4 scrolls of teleportation
 D - a scroll of identify
 R - 2 scrolls of fear
Jewellery
 b - an uncursed ring of poison resistance
 f - a ring of see invisible (right hand)
 i - an uncursed amulet of the gourmand
 j - an uncursed ring of invisibility
 o - a ring of protection from fire (left hand)
 r - an uncursed ring of fire
 F - an uncursed amulet of warding
 L - the ring of the Final Decision {Str+4 Dex+3 Int+1}
   (You found it on level 8 of the Lair of Beasts)

   [ring of intelligence]

   It affects your intelligence (+1).
   It affects your strength (+4).
   It affects your dexterity (+3).
 W - the amulet of the Tarantula (around neck) {Stasis Str+3 Int+3}
   (You found it in a volcano)

   [amulet of stasis]

   It affects your strength (+3).
   It affects your intelligence (+3).
Potions
 k - 7 potions of curing
 p - a potion of magic
 v - 5 potions of might
 E - 2 potions of restore abilities
 O - a potion of flight
 U - 2 potions of speed
 X - a potion of berserk rage
 Z - 3 potions of brilliance
Miscellaneous
 M - a sack of spiders


   Skills:
 + Level 10.8 Fighting
 + Level 13.8 Maces & Flails
 + Level 4.4 Throwing
 + Level 13.9 Armour
 + Level 10.1 Dodging
 + Level 2.6 Stealth
 + Level 15.2 Shields
 + Level 2.8 Invocations


You had 13 spell levels left.
You didn't know any spells.

Dungeon Overview and Level Annotations

Branches:
Dungeon (11/16)            Temple (1/1) D:7            Lair (8/8) D:10
 Shoals (0/5) Lair:5       Spider (0/5) Lair:6        Slime (0/6) Lair:7
    Orc: D:9-12

Altars:
Ashenzari
Cheibriados
Dithmenos
Elyvilon
Fedhas
Kikubaaqudgha
Makhleb
Nemelex Xobeh
Okawaru
Sif Muna
Trog
Vehumet
Xom
Yredelemnul
Zin
The Shining One

Shops:
D:6 ?   D:9 =   D:11 (


Innate Abilities, Weirdness & Mutations

You reflexively headbutt those who attack you in melee.
You have a pair of horns on your head.


Message History

You hit the orc warlord. You burn the orc warlord.
The orc warlord is lightly wounded.
You closely miss the orc warlord.
The orc warlord is lightly wounded.
You completely miss the orc warlord.
The orc warlord is lightly wounded.
The orc warlord hits you but does no damage.
You block the orc warlord's attack.
The orc warlord unwields an uncursed glowing glaive.
The orc warlord wields an uncursed glowing crossbow.
The orc warlord shoots a bolt.
The bolt hits you!
The orc warlord shoots a bolt.
The bolt hits you!
* * * LOW HITPOINT WARNING * * *
You see here a bolt.
Drink which item? (? for menu, Esc to quit)
Okay, then.
Read which item? (? for menu, Esc to quit)
You cannot teleport right now.
The orc warlord shoots a bolt.
The bolt hits you!
You die...

###.### ###.###
###.....### ###.....###
##.........###.........##
#...........#...........#
#.....))....')..).......#
#.....⌠.....#..)..⌠.....#
#...........#.).........#
#..)).......#......(....#
###)).......###.@.(...o.##
#.#)#.....### ###.....#)#
....###.### ###.###.)...#
......### ### ........#
.......# ........?!
.......# 8....).....
.⌠.....# '.....⌠....
.......# .#8........
.......# #8.......


You could see an orc warlord.

Vanquished Creatures
  Maud (Lair:7)
  Gastronok (D:9)
  3 hydras
  Erica (Lair:6)
  4 death yaks
  2 catoblepae
  Urug (Volcano)
  A brown ooze (Lair:7)
  A hill giant (D:7)
  A manticore (Lair:8)
  5 griffons
  4 black mambas
  2 octopodes (D:9)
  An item mimic (D:8)
  5 elephants
  Psyche (D:9)
  5 spiny frogs
  A mermaid (Lair:5)
  2 fire drakes
  3 komodo dragons
  2 feature mimics
  A spriggan (D:7)
  A polar bear (Lair:5)
  A troll (D:10)
  A two-headed ogre (D:11)
  10 blink frogs
  7 sharks
  3 basilisks
  2 wyverns
  A trapdoor spider (D:10)
  45 yaks
  An elephant slug (Lair:4)
  6 ugly things (D:10)
  A fire bat (Volcano)
  Grum (D:8)
  2 hill giant skeletons (D:8)
  11 hippogriffs
  A necrophage (D:7)
  29 wolves
  4 sky beasts
  6 porcupines
  A black bear (Lair:2)
  2 phantoms
  A yellow wasp (D:7)
  9 ogres
  7 giant goldfish
  10 orc warriors
  4 boring beetles
  8 centaurs
  Sigmund (D:7)
  15 water moccasins
  13 lava worms (Volcano)
  14 crocodiles
  17 giant frogs
  7 giant slugs
  4 gnoll sergeants (D:8)
  A troll zombie (D:11)
  An eye of draining (D:9)
  2 yak skeletons
  6 killer bees
  3 lava snakes (Volcano)
  4 wights (D:8)
  15 electric eels
  2 jellies
  A quasit (D:7)
  5 big fish
  16 hounds
  11 crimson imps
  4 gnoll shamans
  2 goliath beetles
  2 orc priests
  2 scorpions (D:10)
  A centaur skeleton (D:10)
  3 orc wizards
  9 worker ants
  5 iguanas
  20 sheep
  2 ogre skeletons
  A hound skeleton (D:9)
  A hound zombie (D:5)
  Terence (D:2)
  A mummy (D:11)
  47 gnolls
  18 adders
  26 green rats
  A giant mite (D:10)
  3 giant eyeballs
  9 giant geckos
  3 oozes
  31 orcs
  3 giant cockroaches
  22 goblins
  23 hobgoblins
  28 jackals
  14 quokkas
  2 ball pythons
  23 bats
  9 giant newts
  2 hobgoblin skeletons (D:6)
  A hobgoblin zombie (D:6)
  16 kobolds
  23 rats
  5 ballistomycetes (D:9)
  3 fungi
727 creatures vanquished.

Vanquished Creatures (others)
  A balrug (Lair:3)
  A green rat (Lair:7)
  2 fungi
4 creatures vanquished.

Grand Total: 731 creatures vanquished

Notes
Turn   | Place    | Note
--------------------------------------------------------------
     0 | D:1      | SomethingShithole, the Minotaur Fighter, began the quest for the Orb.
     0 | D:1      | Reached XP level 1. HP: 19/19 MP: 1/1
   186 | D:1      | Reached XP level 2. HP: 21/27 MP: 1/1
   190 | D:1      | Paralysed by a potion of paralysis for 7 turns
   269 | D:1      | Reached skill level 4 in Fighting
   832 | D:2      | Noticed Terence
   847 | D:2      | Killed Terence
   847 | D:2      | Reached XP level 3. HP: 26/33 MP: 2/2
  1230 | D:2      | Reached skill level 1 in Dodging
  1486 | D:2      | Reached XP level 4. HP: 2/40 MP: 2/2
  2256 | D:2      | Reached skill level 1 in Throwing
  2947 | D:3      | Reached XP level 5. HP: 46/46 MP: 2/2
  2967 | D:3      | Found a sparkling altar of Nemelex Xobeh.
  3103 | D:3      | Noticed a giant frog
  3108 | D:3      | Killed a giant frog
  3108 | D:3      | Reached skill level 5 in Armour
  3172 | D:4      | Noticed an ogre
  3184 | D:4      | Killed an ogre
  3184 | D:4      | Reached XP level 6. HP: 47/52 MP: 3/3
  3238 | D:4      | Found a sparkling altar of Nemelex Xobeh.
  3787 | D:4      | Reached skill level 5 in Shields
  4311 | D:5      | Entered Level 5 of the Dungeon
  4407 | D:5      | Reached XP level 7. HP: 49/60 MP: 3/3
  4623 | D:5      | Found a shadowy altar of Dithmenos.
  4638 | D:5      | Got an iridescent whip
  4639 | D:5      | Identified the +1,+11 whip of the Elven Halls {flame, Int-1 SInv} (You found it on level 5 of the Dungeon)
  4806 | D:5      | Reached skill level 6 in Armour
  4806 | D:5      | Reached skill level 1 in Stealth
  5083 | D:5      | Reached skill level 5 in Fighting
  5083 | D:5      | Reached skill level 5 in Maces & Flails
  5226 | D:5      | Reached XP level 8. HP: 37/68 MP: 3/3
  5496 | D:6      | Found Hecuessu's Magic Scroll Boutique.
  5514 | D:6      | Bought a scroll of remove curse for 33 gold pieces
  5514 | D:6      | Bought a scroll of enchant weapon I for 60 gold pieces
  5514 | D:6      | Bought a scroll of teleportation for 33 gold pieces
  5948 | D:6      | Reached skill level 5 in Dodging
  5948 | D:6      | Reached skill level 7 in Shields
  6497 | D:7      | Noticed a hill giant
  6509 | D:7      | Killed a hill giant
  6509 | D:7      | Reached XP level 9. HP: 46/74 MP: 4/4
  6703 | D:7      | Noticed Sigmund
  6722 | D:7      | Killed Sigmund
  6766 | D:7      | Found an ancient bone altar of Kikubaaqudgha.
  6810 | D:7      | Found a white marble altar of Elyvilon.
  6818 | D:7      | Paralysed by a giant eyeball for 4 turns
  6880 | D:7      | Reached skill level 8 in Shields
  7043 | D:7      | Noticed a spriggan baker
  7052 | D:7      | Killed a spriggan baker
  7111 | D:7      | Found a staircase to the Ecumenical Temple.
  7118 | Temple   | Entered the Ecumenical Temple
  7492 | D:7      | Found an iron altar of Okawaru.
  7493 | D:7      | Found a bloodstained altar of Trog.
  7498 | D:7      | Found a burning altar of Makhleb.
  7501 | D:7      | Became a worshipper of Makhleb the Destroyer
  7754 | D:7      | Found a shimmering altar of Xom.
  8497 | D:8      | Reached skill level 9 in Shields
  8910 | D:8      | Killed a fire dragon hide mimic
  8910 | D:8      | Reached XP level 10. HP: 60/82 MP: 4/4
  8916 | D:8      | Acquired Makhleb's first power
  9595 | D:8      | Noticed Grum
  9618 | D:8      | Killed Grum
  9642 | D:8      | Acquired Makhleb's second power
 10057 | D:8      | Reached skill level 10 in Shields
 10750 | D:8      | Paralysed by a giant eyeball for 3 turns
 10756 | D:8      | Paralysed by a giant eyeball for 2 turns
 11066 | D:9      | Acquired Makhleb's third power
 11084 | D:9      | Found Pal Aqa's Jewellery Shoppe.
 11131 | D:9      | Found a shattered altar of Ashenzari.
 11187 | D:9      | Noticed an octopode
 11207 | D:9      | Reached skill level 10 in Armour
 11272 | D:9      | Killed an octopode
 11294 | D:9      | Reached XP level 11. HP: 90/90 MP: 4/4
 11325 | D:9      | Noticed an octopode
 11332 | D:9      | Killed an octopode
 11456 | D:9      | Reached skill level 11 in Shields
 11537 | D:9      | Noticed Gastronok
 11544 | D:9      | Noticed Psyche
 11561 | D:9      | Killed Psyche
 11574 | D:9      | Killed Gastronok
 11868 | D:10     | Entered Level 10 of the Dungeon
 11968 | D:10     | Acquired Makhleb's fourth power
 12070 | D:10     | Reached skill level 10 in Maces & Flails
 12502 | D:10     | Reached skill level 12 in Shields
 12706 | D:10     | Found a staircase to the Lair.
 13536 | D:10     | Acquired Makhleb's fifth power
 13960 | Lair:1   | Entered Level 1 of the Lair of Beasts
 14051 | Lair:1   | Reached XP level 12. HP: 98/101 MP: 5/5
 16340 | Lair:3   | Found a basalt altar of Yredelemnul.
 16919 | Lair:4   | Reached skill level 13 in Shields
 16937 | Lair:4   | Identified the Volume of the Escort
 17421 | Lair:4   | Noticed an eight-headed hydra
 17815 | Lair:3   | Killed an eight-headed hydra
 17815 | Lair:3   | Reached skill level 1 in Invocations
 18462 | Lair:5   | Found a staircase to the Shoals.
 19115 | Lair:5   | Reached XP level 13. HP: 111/111 MP: 8/8
 19420 | Lair:6   | Found a hole to the Spider Nest.
 19648 | Lair:6   | Noticed Erica
 19669 | Lair:6   | Killed Erica
 20058 | Lair:6   | Found a dark tunnel.
 20065 | Volcano  | Entered a volcano
 20260 | Volcano  | Found a burning altar of Makhleb.
 20260 | Volcano  | Noticed Urug
 20296 | Volcano  | Killed Urug
 20313 | Volcano  | Got a faintly glowing sapphire amulet
 20664 | Lair:6   | Reached skill level 14 in Shields
 21775 | Lair:7   | Reached skill level 10 in Fighting
 22041 | Lair:7   | Found a staircase to the Slime Pits.
 22229 | Lair:7   | Identified the amulet of the Tarantula {Stasis Str+3 Int+3} (You found it in a volcano)
 22233 | Lair:7   | Noticed Maud
 22260 | Lair:7   | Killed Maud
 22763 | Lair:7   | Upgraded the game from 0.14-a0-2869-g5f331fa to 0.14-a0-2881-g20de702
 22764 | Lair:8   | Entered Level 8 of the Lair of Beasts
 23169 | Lair:8   | Reached skill level 10 in Dodging
 23191 | Lair:8   | Reached skill level 15 in Shields
 23253 | Lair:8   | Reached XP level 14. HP: 122/122 MP: 10/10
 23525 | Lair:8   | Got a glittering bone ring
 24373 | Lair:1   | Identified the ring of the Final Decision {Str+4 Dex+3 Int+1} (You found it on level 8 of the Lair of Beasts)
 24451 | D:11     | Found Zucaum's Antique Weapon Shoppe.
 24765 | D:11     | Found a flagged portal.
 24778 | Bailey   | Entered a bailey
 24957 | Bailey   | Noticed an orc warlord
 25004 | Bailey   | Shot with a bolt by an orc warlord

Action                   |  1- 3 |  4- 6 |  7- 9 | 10-12 | 13-15 || total
-------------------------+-------+-------+-------+-------+-------++-------
Melee: Mace              |    84 |   129 |       |       |       ||   213
       Flail             |       |    43 |   114 |       |       ||   157
       Whip              |       |       |   221 |  1191 |   943 ||  2355
Throw: Tomahawk          |    15 |       |    17 |    37 |     6 ||    75
Invok: Minor Destruction |       |       |       |     6 |    45 ||    51
       Greater Servant o |       |       |       |     1 |       ||     1
  Use: Scroll            |     3 |     5 |    12 |    14 |     6 ||    40
       Potion            |     4 |     4 |     4 |     3 |     4 ||    19
